 Dungeon Crawl Stone Soup version 0.30-a0-137-gd8773701ce (webtiles) character file.

Game seed: 16833253359705528676

46 LnG the Caller (level 3, -1/20 HPs)
             Began as a Kobold Summoner on Sept 23, 2022.
             Slain by an ogre
             ... wielding a +0 giant spiked club
              (21 damage)
             ... on level 3 of the Dungeon.
             The game lasted 00:04:06 (2926 turns).

LnG the Caller (Kobold Summoner)                    Turns: 2926, Time: 00:04:07

Health: -1/20      AC:  2    Str:  5    XL:     3   Next: 95%
Magic:  6/6        EV: 15    Int: 18    God:
Gold:   152        SH:  0    Dex: 15    Spells: 0/6 levels left

rFire   . . .      SeeInvis .    e - +0 dagger
rCold   . . .      Faith    .    (no shield)
rNeg    . . .      Spirit   .    a - +0 robe
rPois   .          Reflect  .    (no helmet)
rElec   .          Harm     .    (no cloak)
rCorr   .          Rampage  .    (no gloves)
Will    .....                    (no boots)
Stlth   ++++......               (no amulet)
HPRegen 0.06/turn                i - ring of flight
MPRegen 0.10/turn                (no ring)

@: flying
A: small, no large weapons, nightstalker 3
a: no special abilities


You were on level 3 of the Dungeon.
You visited 1 branch of the dungeon, and saw 3 of its levels.

You collected 152 gold pieces.

Inventory:

Hand Weapons
 e - a +0 dagger (weapon)
Armour
 a - a +0 robe (worn)
Jewellery
 i - a ring of flight (left hand)
Scrolls
 d - 2 scrolls of fear {unknown}
 h - a scroll of teleportation {unknown}
 j - a scroll of identify {unknown}
 k - a scroll of fog {unknown}
 l - a scroll of silence {unknown}
Potions
 b - a potion of magic
 c - a potion of curing {unknown}
 f - a potion of berserk rage {unknown}
 g - 2 potions of mutation {unknown}


   Skills:
 + Level 0.4 Fighting
 + Level 0.2 Short Blades
 + Level 2.7 Dodging
 * Level 4.2 Stealth
 + Level 2.3 Spellcasting
 + Level 4.4 Summonings


You couldn't memorise any spells.
You knew the following spells:

 Your Spells              Type           Power      Damage    Failure   Level
a - Summon Small Mammal   Summ           72%        N/A       2%          1
b - Call Imp              Summ           18%        N/A       4%          2
c - Call Canine Familiar  Summ           18%        N/A       9%          3

Your spell library contained the following spells:

 Spells                   Type           Power      Damage    Failure   Level
 Summon Guardian Golem    Hex/Summ       10%        N/A       22%         3
 Blink                    Tloc           4%         N/A       26%         2
 Lesser Beckoning         Tloc           2%         N/A       47%         3
 Summon Lightning Spire   Summ/Air       10%        N/A       56%         4
 Manifold Assault         Tloc           2%         N/A       87%         4


Dungeon Overview and Level Annotations

Branches:
Dungeon (3/15)

Altars:


Innate Abilities, Weirdness & Mutations

You are small and have problems with some larger weapons.
You are completely attuned to the shadows.


Message History

The worm is almost dead.
The worm closely misses you.
You hit the worm.
You kill the worm!
The hobgoblin shouts!
You hit the hobgoblin but do no damage. The hobgoblin closely misses you.
You hit the hobgoblin.
The hobgoblin is heavily wounded.
The hobgoblin hits you.
You hit the hobgoblin.
You kill the hobgoblin!
You see here a hobgoblin corpse.
g - 2 amethyst potions (gained 1)
l - a scroll labelled WAUGEU PYATRUHI
Found a stone staircase leading down.
You now have 143 gold pieces (gained 4).
You now have 152 gold pieces (gained 9).
An endoplasm comes into view.
The helpless endoplasm fails to defend itself.
You puncture the endoplasm!
You kill the endoplasm!
There is a stone staircase leading up here.
Done exploring.
Done exploring.
There is a stone staircase leading down here.
You fly downwards.
There is a stone staircase leading up here.
A frilled lizard comes into view.
Found a robe.
The helpless frilled lizard fails to defend itself.
You impale the frilled lizard!!
You kill the frilled lizard!
You see here a +0 robe.
Found a stone staircase leading down.
There is a stone staircase leading down here.
An ogre comes into view. It is wielding a +0 giant spiked club.
The ogre shouts!
The ogre hits you with a +0 giant spiked club!!
Ouch! That really hurt!
You die...

. #. g[#.
....#######.
....<.......
.#...########.#
#.#.# #.# #.#.#
#.# # # #.#
#O##.# #@...#
.########.....
..........####
####.###### #.#
#.# #.# #.# #.#


You could see an ogre.

Vanquished Creatures
  2 worms (D:2)
  4 endoplasms
  A giant cockroach (D:1)
  A goblin (D:2)
  5 hobgoblins
  2 kobolds
  A quokka (D:2)
  3 ball pythons
  A bat (D:1)
  A frilled lizard (D:3)
  5 rats
26 creatures vanquished.

Vanquished Creatures (collateral kills)
  2 endoplasms (D:1)
  2 hobgoblins (D:1)
  2 kobolds (D:1)
  2 quokkas
  2 ball pythons (D:1)
10 creatures vanquished.

Grand Total: 36 creatures vanquished

Notes
Turn   | Place    | Note
-------+----------+-------------------------------------------
     0 | D:1      | LnG the Kobold Summoner began the quest for the Orb.
     0 | D:1      | Reached XP level 1. HP: 10/10 MP: 3/3
   648 | D:1      | Reached XP level 2. HP: 11/15 MP: 1/5
   843 | D:1      | Learned a level 2 spell: Call Imp
  1295 | D:1      | Reached XP level 3. HP: 9/19 MP: 3/6
  1458 | D:1      | Learned a level 3 spell: Call Canine Familiar
  1801 | D:1      | Found a faded altar of an unknown god.
  2262 | D:2      | You are sucked into a shaft and drop 1 floor!
  2924 | D:3      | Noticed an ogre
  2926 | D:3      | Slain by an ogre

Illustrated notes

Levels and vault maps discovered:
D:1:      spicycebolla_green_bress_n_ham_2, layout_basic,
          shapermc_ecumenical_altar_flowoftime
D:2:      layout_loops_ring, serial_glass, glass_columns_a, glass_columns_a,
          minmay_tromino_mix6
D:3:      layout_loops_ring, kennysheep_jessica_study, uniq_grinder, uniq_robin

Skill      XL: |  1  2  3 |
---------------+----------+-----
Stealth        | 3 4 |  4.2
Fighting       | |  0.4
Short Blades   | |  0.2
Dodging        | |  2.7
Spellcasting   | |  2.3
Summonings     | |  4.4

Action                   || total
-------------------------++-------
Melee: Unarmed           ||    13
       Short sword       ||     9
       Dagger            ||    69
       Punch             ||     2
 Cast: Summon Small Mamm ||    13
       Call Imp          ||     2
       Call Canine Famil ||     2
 Stab: Distracted        ||     1
       Sleeping          ||    14
Armor: Robe              ||     4
Dodge: Dodged            ||    61

Table legend: (Time is in decaauts)
 A = Elapsed time spent in this place.
 B = Non-inter-level travel time spent in this place.
 C = Inter-level travel time spent in this place.
 D = Time resting spent in this place.
 E = Time spent auto-exploring this place.
 F = Levels seen in this place.
 G = Mean time per level.
                   A        B        C        D        E       F      G
               +--------+--------+--------+--------+--------+-----+--------+
         Total |   2924 |   2872 |     52 |    788 |   1749 |   3 |  974.7 |
       Dungeon |   2924 |   2872 |     52 |    788 |   1749 |   3 |  974.7 |
               +--------+--------+--------+--------+--------+-----+--------+

Top non-repeatable levels by time:
     D:1: 1966 daAuts
     D:2: 873 daAuts
     D:3: 84 daAuts
